 Dungeon Crawl Stone Soup version 0.30-a0-373-gd37427bb62 (webtiles) character file.

Game seed: 16833620075181687861

137 nomicflux the Digger (level 5, -8/45 HPs)
             Began as a Draconian Earth Elementalist on Nov 23, 2022.
             Mangled by an ogre
             ... wielding a +0 giant club
              (32 damage)
             ... on level 4 of the Dungeon.
             The game lasted 00:06:00 (1904 turns).

nomicflux the Digger (Draconian Earth Elementalist) Turns: 1904, Time: 00:06:01

Health: -8/45      AC:  5    Str: 10    XL:     5   Next: 0%
Magic:  8/8        EV: 12    Int: 18    God:
Gold:   125        SH:  0    Dex: 14    Spells: 4/8 levels left

rFire   . . .      SeeInvis +    i - +8 longbow "Zephyr" {speed, Dex+3 SInv}
rCold   . . .      Faith    .    (shield currently unavailable)
rNeg    . . .      Spirit   .    (body armour unavailable)
rPois   .          Reflect  .    (helmet restricted)
rElec   .          Harm     .    (no cloak)
rCorr   .          Rampage  .    (no gloves)
Will    +....                    (no boots)
Stlth   ++........               (no amulet)
HPRegen 0.27/turn                s - ring of willpower
MPRegen 0.11/turn                (no ring)

@: no status effects
A: AC +5, unfitting armour, cold-blooded
a: no special abilities


You were on level 4 of the Dungeon.
You visited 1 branch of the dungeon, and saw 4 of its levels.

You collected 125 gold pieces.

Inventory:

Hand Weapons
 f - a +2 short sword of venom
 i - the +8 longbow "Zephyr" (weapon) {speed, Dex+3 SInv}
   (You found it on level 2 of the Dungeon)

   Attacks with this weapon are significantly faster.
   Dex:       It affects your dexterity (+3).
   SInv:      It lets you see invisible.
Jewellery
 s - a ring of willpower (left hand)
 u - the ring "Tupsad" {rN+ Int+2}
   (You found it on level 4 of the Dungeon)

   [ring of positive energy]

   Int:       It affects your intelligence (+2).
   rN:        It protects you from negative energy.
Wands
 r - a wand of flame (15)
Scrolls
 d - a scroll of amnesia {unknown}
 g - 3 scrolls of identify {unknown}
 j - a scroll of poison {unknown}
 k - 4 scrolls of magic mapping {unknown}
 l - a scroll of torment {unknown}
 m - 2 scrolls of brand weapon {unknown}
 n - a scroll of fog {unknown}
 p - a scroll of enchant weapon {unknown}
 q - a scroll of noise {unknown}
 t - a scroll of teleportation {unknown}
Potions
 a - a potion of magic
 b - 2 potions of flight {unknown}
 c - a potion of lignification {unknown}
 e - a potion of mutation {unknown}
 h - 2 potions of curing {unknown}
 o - a potion of might {unknown}


   Skills:
 + Level 3.0 Fighting
 + Level 1.8 Ranged Weapons
 - Level 1.7 Dodging
 - Level 1.7 Stealth
 - Level 2.0 Spellcasting
 - Level 1.0 Transmutations
 + Level 4.2 Earth Magic


You had 4 spell levels left.
You knew the following spells:

 Your Spells              Type           Power      Damage    Failure   Level
a - Sandblast             Erth           34%        2d9       3%          1
b - Stone Arrow           Conj/Erth      18%        3d8       22%         3

Your spell library contained the following spells:

 Spells                   Type           Power      Damage    Failure   Level
 Passwall                 Tmut/Erth      9%         N/A       10%         2
 Beastly Appendage        Tmut           10%        N/A       12%         1
 Wereblood                Tmut           5%         N/A       19%         2
 Blink                    Tloc           2%         N/A       26%         2
 Spider Form              Tmut/Pois      3%         N/A       41%         3
 Petrify                  Tmut/Erth      11%        N/A       52%         4
 Manifold Assault         Tloc           1%         N/A       87%         4
 Storm Form               Tmut/Air       1%         N/A       100%        7


Dungeon Overview and Level Annotations

Branches:
Dungeon (3/15)

Altars:
Kikubaaqudgha

Annotations:
D:3 3 runed translucent doors, purpskrrrp's ghost, amateur FoHu
D:4 Blork the orc


Innate Abilities, Weirdness & Mutations

Your plain brown scales are hard. (AC +5)
You cannot fit into any form of body armour.
You are cold-blooded and may be slowed by cold attacks.


Message History

You shoot an arrow. The endoplasm quivers.
The arrow hits the endoplasm!
You kill the endoplasm!
You hear a shout!
You have reached level 5!
s - a ring of willpower;
t - a scroll labelled KOMYFY ITOUBLU You now have 125 gold pieces (gained 21).
Unknown command.
s - a ring of willpower (left hand)
Your movement speed is average.
Your attack delay is about 1.0.
Your damage rating with the +8 longbow "Zephyr" {speed, Dex+3 SInv} is about 22 (Base 12 x 110% (Dex) x 108% (Skill) + 8 (Ench)).
Your base attributes are Str 10, Int 18, Dex 11.
An ogre comes into view. It is wielding a +0 giant club.
Found a smoking silver ring.
You see here the ring "Tupsad" {rN+ Int+2}.
u - the ring "Tupsad" {rN+ Int+2} The ogre attacks as you move away!
The ogre misses you. The ogre attacks as you move away!
The ogre hits you with a +0 giant club!!
Ouch! That really hurt!
A ball python comes into view.
The ball python hisses angrily.
Fire: i) +8 longbow "Zephyr" {speed, Dex+3 SInv}
Press: ? - help, Q - select action, (/) - cycle Shift-Dir - straight line, f - ball python
Aim: a ball python (63% to hit)
You shoot an arrow.
The arrow barely misses the ball python.
An endoplasm comes into view.
The ball python bites you but does no damage.
The ball python misses you.
Okay, then.
Fire: i) +8 longbow "Zephyr" {speed, Dex+3 SInv}
Press: ? - help, Q - select action, (/) - cycle Shift-Dir - straight line, f/p - ball python
Aim: a ball python (63% to hit)
You shoot an arrow. The arrow hits the ball python!
You kill the ball python!
The ogre hits you with a +0 giant club!!
Ouch! That really hurt!
You die...

.
######....
#.@......J
#O######..
#.# #.#
####.#..#
#.#
#.......#
#.#
#.......#
#.#
#.......#
#.# ......#
#.#
....#####.#


You could see an ogre and an endoplasm.

Vanquished Creatures
  Ijyb (D:4)
  An orc wizard (D:3)
  Terence (D:3)
  2 adders (D:2)
  3 worms
  A dart slug (D:3)
  4 orcs
  3 bats
  An endoplasm (D:4)
  3 giant cockroaches
  3 goblins
  2 hobgoblins
  3 jackals (D:4)
  A quokka (D:2)
  3 ball pythons
  4 frilled lizards
  2 rats (D:3)
38 creatures vanquished.

Vanquished Creatures (others)
  A plant (D:1)
1 creature vanquished.

Grand Total: 39 creatures vanquished

Notes
Turn   | Place    | Note
-------+----------+-------------------------------------------
     0 | D:1      | nomicflux the Draconian Earth Elementalist began the quest
                  | for the Orb.
     0 | D:1      | Reached XP level 1. HP: 14/14 MP: 3/3
   566 | D:1      | Found a faded altar of an unknown god.
   638 | D:2      | Reached skill level 1 in Fighting
   638 | D:2      | Reached XP level 2. HP: 23/23 MP: 0/5
   798 | D:2      | Found the +8 longbow "Zephyr" {speed, Dex+3 SInv}
   824 | D:2      | Identified the +4 ring mail "Ruufanic" {rF- Regen+ rCorr}
   910 | D:2      | Found an ancient bone altar of Kikubaaqudgha.
  1211 | D:2      | Reached XP level 3. HP: 29/29 MP: 6/6
  1456 | D:3      | Found a runed translucent gate.
  1456 | D:3      | Found a runed translucent gate.
  1462 | D:3      | Reached skill level 1 in Ranged Weapons
  1462 | D:3      | Reached XP level 4. HP: 37/37 MP: 7/7
  1472 | D:3      | Found a runed translucent gate.
  1473 | D:3      | Identified the +6 hand axe "Lesch" {speed, rF- rCorr Int+9
                  | Stlth+}
  1474 | D:3      | Noticed purpskrrrp's ghost (amateur FoHu)
  1495 | D:3      | Noticed Terence
  1503 | D:3      | Killed Terence
  1504 | D:3      | Reached skill level 4 in Earth Magic
  1523 | D:3      | You fall into a shaft and drop 1 floor!
  1528 | D:4      | Learned a level 3 spell: Stone Arrow
  1601 | D:4      | Noticed Ijyb
  1619 | D:4      | Killed Ijyb
  1799 | D:4      | Noticed Blork the orc
  1880 | D:4      | Reached XP level 5. HP: 45/45 MP: 8/8
  1882 | D:4      | Noticed an ogre
  1894 | D:4      | Identified the ring "Tupsad" {rN+ Int+2}
  1904 | D:4      | Mangled by an ogre

Illustrated notes

Levels and vault maps discovered:
D:1:      scummos_arrival_checkerplants, layout_loops_cross,
          shapermc_ecumenical_altar_petra, minmay_misc_feat_x
D:2:      layout_loops_ring, basic_altar
D:3:      layout_basic, nicolae_hepliaklqana_hippocampus,
          biasface_ghost_orc_armoury, minmay_misc_feat_encased, uniq_grinder,
          uniq_terence
D:4:      layout_loops_ring, uniq_ijyb, uniq_blork_the_orc

Skill      XL: |  1  2  3  4 |
---------------+-------------+-----
Fighting       | 1 2 3 |  3.0
Ranged Weapons | 1 |  1.8
Earth Magic    | 4 |  4.2
Dodging        | |  1.7
Stealth        | |  1.7
Spellcasting   | |  2.0
Transmutations | |  1.0

Action                   |  1- 3 |  4- 6 || total
-------------------------+-------+-------++-------
Melee: Short sword       |     7 |       ||     7
       Tailslap          |     1 |       ||     1
 Fire: Longbow           |    22 |    36 ||    58
 Cast: Sandblast         |    12 |    12 ||    24
Armor: Skin              |     4 |     5 ||     9
Dodge: Dodged            |     5 |    14 ||    19

Table legend: (Time is in decaauts)
 A = Elapsed time spent in this place.
 B = Non-inter-level travel time spent in this place.
 C = Inter-level travel time spent in this place.
 D = Time resting spent in this place.
 E = Time spent auto-exploring this place.
 F = Levels seen in this place.
 G = Mean time per level.
                   A        B        C        D        E       F      G
               +--------+--------+--------+--------+--------+-----+--------+
         Total |   1919 |   1858 |     61 |    276 |   1185 |   4 |  479.8 |
       Dungeon |   1919 |   1858 |     61 |    276 |   1185 |   4 |  479.8 |
               +--------+--------+--------+--------+--------+-----+--------+

Top non-repeatable levels by time:
     D:2: 693 daAuts
     D:1: 609 daAuts
     D:4: 387 daAuts
     D:3: 229 daAuts
